 Dungeon Crawl Stone Soup version 0.29-a0-892-g2c4c91d9db (webtiles) character file.

Game seed: 13338362721388723777

105 Ijustatesigmund the Digger (level 4, -4/27 HPs)
             Began as an Octopode Earth Elementalist on July 22, 2022.
             Killed from afar by an orc wizard (7 damage)
             ... with a magic dart
             ... on level 4 of the Dungeon.
             The game lasted 00:05:22 (3580 turns).

Ijustatesigmund the Digger (OpEE)                   Turns: 3580, Time: 00:05:23

Health: -4/27      AC:  1    Str:  7    XL:     4   Next: 83%
Magic:  8/8        EV: 13    Int: 19    God:
Gold:   143        SH:  0    Dex: 12    Spells: 2/8 levels left

rFire   . . .      SeeInvis .   e - +2 dagger (speed)
rCold   . . .      Faith    .   (no shield)
rNeg    . . .      Spirit   .   (helmet restricted)
rPois   .          Reflect  .   d - amulet of magic regeneration
rElec   .          Harm     .   (no ring)
rCorr   .          Rampage  .   (no ring)
Will    .....                   (no ring)
Stlth   ++........              (no ring)
HPRegen 0.09/turn               (no ring)
MPRegen 0.51/turn               (no ring)
                                (no ring)
                                (no ring)

@: confused
A: almost no armour, amphibious, 8 rings, camouflage 1, gelatinous body 1,
(nimble swimmer 1), tentacles
a: no special abilities


You were on level 4 of the Dungeon.
You visited 1 branch of the dungeon, and saw 4 of its levels.

You collected 143 gold pieces.

Inventory:

Hand Weapons
 e - a +2 dagger of speed (weapon)
Jewellery
 d - an amulet of magic regeneration (around mantle)
Scrolls
 c - 2 scrolls of fog
 f - 5 scrolls of identify
Potions
 a - a potion of magic


   Skills:
 - Level 2.0 Dodging
 - Level 2.6 Stealth
 + Level 2.9 Spellcasting
 * Level 1.6 Conjurations
 + Level 2.3 Transmutations
 + Level 3.7 Earth Magic


You had 2 spell levels left.
You knew the following spells:

 Your Spells              Type           Power      Damage    Failure   Level
a - Sandblast             Erth           34%        2d9       3%          1
b - Stone Arrow           Conj/Erth      26%        3d8       16%         3
c - Passwall              Tmut/Erth      11%        N/A       7%          2

Your spell library contained the following spells:

 Spells                   Type           Power      Damage    Failure   Level
 Petrify                  Tmut/Erth      14%        N/A       41%         4


Dungeon Overview and Level Annotations

Branches:
Dungeon (4/15)
 Temple: D:4-7

Altars:
Ru
The Shining One


Innate Abilities, Weirdness & Mutations

You cannot wear most types of armour.
You are amphibious.
You can wear up to eight rings at the same time.
Your skin changes colour to match your surroundings (Stealth+).
Your rubbery body absorbs attacks. (AC +1, EV +1)
((You are camouflaged when in or above water. (Stealth+)))
You have tentacles for arms and can constrict up to eight enemies at once.


Message History

You hear some strange, mumbled words.
You are confused.
You bump into the rock wall.
Something hits you but does no damage. Something hits you.
Things that are here:
a +0 dagger; a +0 robe You bump into the rock wall.
You hear some strange, mumbled words.
You are more confused.
You bump into the rock wall.
Something hits you.
You bump into the rock wall.
Something hits you.
You bump into the rock wall.
Something hits you.
* * * LOW HITPOINT WARNING * * *
You hear some strange, mumbled words.
You are more confused.
Something hits you.
* * * LOW HITPOINT WARNING * * *
Things that are here:
a +0 dagger; a +0 robe You miss something.
Your squeeze misses something. Something hits you.
* * * LOW HITPOINT WARNING * * *
You bump into the rock wall.
Something hits you.
* * * LOW HITPOINT WARNING * * *
You miss something. You hit something. Your squeeze misses something.
Something hits you but does no damage.
You feel better.
You hear some strange, mumbled words.
You are confused.
You bump into the rock wall.
Something hits you.
* * * LOW HITPOINT WARNING * * *
You bump into the rock wall.
Something hits you.
* * * LOW HITPOINT WARNING * * *
Something hits you.
* * * LOW HITPOINT WARNING * * *
You bump into the rock wall.
You hear some strange, mumbled words.
A magic dart appears from out of thin air!
The magic dart hits you!
You die...

#.. .. ##..
...# #.. ##...
#.. #..... #.#
#..... #.#
#..#..# #@#
......####{#
#....##)#
#.?.<...#
.......#......#
######...#.##.#
.........#.#
...#..###.# .
##.#.. .. .#


There were no monsters in sight!

Vanquished Creatures
  An orc wizard (D:4)
  An adder (D:2)
  3 worms
  A dart slug (D:1)
  4 orcs
  3 bats
  9 endoplasms
  4 giant cockroaches
  7 goblins
  4 hobgoblins
  2 jackals (D:2)
  2 quokkas
  3 ball pythons
  3 frilled lizards
  A kobold (D:3)
  3 rats
51 creatures vanquished.

Notes
Turn   | Place    | Note
-------+----------+-------------------------------------------
     0 | D:1      | Ijustatesigmund the Octopode Earth Elementalist began the
                  | quest for the Orb.
     0 | D:1      | Reached XP level 1. HP: 11/11 MP: 3/3
   436 | D:1      | Reached XP level 2. HP: 17/17 MP: 3/5
   978 | D:1      | Found a faded altar of an unknown god.
  1265 | D:1      | Reached XP level 3. HP: 21/21 MP: 6/6
  1274 | D:1      | Learned a level 3 spell: Stone Arrow
  1277 | D:1      | Learned a level 2 spell: Passwall
  2124 | D:2      | Reached XP level 4. HP: 27/27 MP: 8/8
  2207 | D:2      | Reached skill level 1 in Conjurations
  2850 | D:3      | Found a glowing golden altar of the Shining One.
  3301 | D:3      | Found a sacrificial altar of Ru.
  3573 | D:4      | HP: 1/27 [something (2)]
  3580 | D:4      | Killed from afar by an orc wizard

Illustrated notes

Levels and vault maps discovered:
D:1:      reono_arrival_forest_river, layout_basic,
          shapermc_ecumenical_altar_mp_urbaneastern, minivault_24
D:2:      layout_basic, columned_hall_lemuel, guppyfry_early_lair_pool
D:3:      layout_basic, mainiacjoe_overflow_alcove_2,
          mainiacjoe_overflow_surrounded_room, amethyst_killhole
D:4:      layout_rooms, amcnicky_altar_gilded,
          mainiacjoe_overflow_small_starburst

Skill      XL: |  1  2  3  4 |
---------------+-------------+-----
Transmutations | 2 |  2.3
Conjurations   | 1 |  1.6
Dodging        | |  2.0
Stealth        | |  2.6
Spellcasting   | |  2.9
Earth Magic    | |  3.7

Action                   |  1- 3 |  4- 6 || total
-------------------------+-------+-------++-------
Melee: Unarmed           |    16 |       ||    16
       Constrict         |     6 |     3 ||     9
       Tentacles         |     2 |     4 ||     6
       Dagger            |    10 |    26 ||    36
 Cast: Sandblast         |    45 |    14 ||    59
  Use: Scroll            |     5 |     4 ||     9
       Potion            |       |     3 ||     3
 Stab: Sleeping          |     1 |       ||     1
Armor: Skin              |     3 |     3 ||     6
Dodge: Dodged            |    25 |    12 ||    37

Table legend: (Time is in decaauts)
 A = Elapsed time spent in this place.
 B = Non-inter-level travel time spent in this place.
 C = Inter-level travel time spent in this place.
 D = Time resting spent in this place.
 E = Time spent auto-exploring this place.
 F = Levels seen in this place.
 G = Mean time per level.
                   A        B        C        D        E       F      G
               +--------+--------+--------+--------+--------+-----+--------+
         Total |   3624 |   3526 |     98 |    950 |   2170 |   4 |  906.0 |
       Dungeon |   3624 |   3526 |     98 |    950 |   2170 |   4 |  906.0 |
               +--------+--------+--------+--------+--------+-----+--------+

Top non-repeatable levels by time:
     D:1: 1425 daAuts
     D:2: 1221 daAuts
     D:3: 938 daAuts
     D:4: 40 daAuts
